 Dungeon Crawl Stone Soup version 0.30-a0-728-gc68057be0a (webtiles) character file.

Game seed: 17536167142904528338

1850 kae the Geomancer (level 9, -5/45 HPs)
             Began as a Gargoyle Earth Elementalist on Jan 30, 2023.
             Slain by a komodo dragon (18 damage)
             ... on level 6 of the Dungeon.
             The game lasted 00:06:14 (7026 turns).

kae the Geomancer (Gargoyle Earth Elementalist)     Turns: 7026, Time: 00:06:14

Health: -5/45      AC:  9    Str: 13    XL:     9   Next: 12%
Magic:  0/16       EV: 12    Int: 19    God:
Gold:   353        SH:  0    Dex: 16    Spells: 8/18 levels left

rFire   . . .      SeeInvis .    e - +1 club
rCold   . . .      Faith    .    (no shield)
rNeg    + . .      Spirit   .    a - +1 robe
rPois   ∞          Reflect  .    (no helmet)
rElec   +          Harm     .    (no cloak)
rCorr   +          Rampage  .    (no gloves)
Will    .....      Clarity  +    (no boots)
Stlth   ++                       (no amulet)
HPRegen 0.27/turn                D - +6 ring of dexterity
MPRegen 0.15/turn                R - ring of resist corrosion

@: no status effects
A: sickness immunity, AC +6, negative energy resistance 1, electricity
resistance, torment resistance 1, petrification resistance, clarity
a: no special abilities


You were on level 6 of the Dungeon.
You visited 1 branch of the dungeon, and saw 6 of its levels.
You also visited: Ossuary.

You collected 423 gold pieces.
You spent 70 gold pieces at shops.


Innate Abilities, Weirdness & Mutations

You are immune to sickness and miasma.
Your stone body is resilient. (AC +6)
You are immune to poison.
You resist negative energy. (rN+)
You are resistant to electric shocks. (rElec)
You are resistant to unholy torment.
You are immune to petrification.
You possess an exceptional clarity of mind.


   Skills:
 - Level 1.5 Dodging
 - Level 2.1 Stealth
 + Level 5.1 Spellcasting
 * Level 7.7 Conjurations
 - Level 0.7 Transmutations
 * Level 9.6 Earth Magic


You had 8 spell levels left.
You knew the following spells:

 Your Spells              Type           Power      Damage    Failure   Level
a - Sandblast             Erth           82%        2d17      1%          1
b - Passwall              Tmut/Erth      20%        N/A       2%          2
c - Stone Arrow           Conj/Erth      74%        3d11      1%          3
d - Petrify               Tmut/Erth      24%        N/A       14%         4

Your spell library contained the following spells:

 Spells                   Type           Power      Damage    Failure   Level
 Hailstorm                Conj/Ice       19%        3d6       8%          3
 Freeze                   Ice            16%        1d4       12%         1
 Necrotise                Necr           16%        1d4       12%         1
 Blink                    Tloc           8%         N/A       19%         2
 Frozen Ramparts          Ice            8%         1d2       36%         3
 Vampiric Draining        Necr           4%         2d6       36%         3
 Manifold Assault         Tloc           4%         N/A       77%         4
 Agony                    Necr           4%         N/A       98%         5
 Storm Form               Tmut/Air       3%         N/A       100%        7

Inventory:

Hand Weapons
 e - a +1 club (weapon)
   (You took it off a goblin on level 1 of the Dungeon)
Missiles
 c - 28 stones
 k - 2 javelins
 n - 8 boomerangs
 t - 3 poisoned darts
 x - a curare-tipped dart {=f}
Armour
 a - a +1 robe (worn)
Jewellery
 D - a +6 ring of dexterity (left hand)
   (You found it on level 5 of the Dungeon)
 R - a ring of resist corrosion (right hand)
   (You found it on level 6 of the Dungeon)
Wands
 j - a wand of light (20)
   (You took it off Natasha on level 2 of the Dungeon)
 r - a wand of paralysis (12)
   (You found it on level 6 of the Dungeon)
Scrolls
 b - 3 scrolls of fog
 f - 3 scrolls of immolation {!r!r}
 g - 2 scrolls of silence {!r}
 l - 4 scrolls of teleportation {@r4}
 m - a scroll of enchant armour
 u - 2 scrolls of enchant weapon
 v - a scroll of magic mapping {!r}
 w - 2 scrolls of identify {@r1}
Potions
 d - a potion of haste {@q3}
 h - a potion of cancellation
 i - 8 potions of curing {@q1}
 o - 3 potions of lignification {unknown}
 p - a potion of degeneration {!q}
 q - a potion of magic
 s - 2 potions of brilliance

Dungeon Overview and Level Annotations

Branches:
Dungeon (6/15) Zot: 26233 Ossuary (visited)
 Temple: D:4-7

Altars:
Makhleb

Shops:
D:6 !

Annotations:
D:4 1 runed translucent door, Crazy Yiuf

.## ##......#..####### ..#
#.......#........+
..####+####.......+l.......#
..#.......#.......#..#######
.##.......##......#..# .
.'.†.......'......#..##....
##.........##...###).......#
#...........#.#'#[....###..#
###.......#####.@l..!#...
#.#)#...#'#..##.##..###..#
#...#####.....#.#..#.# #.#
....# #......#...# #[# #..
....# #......+..# #. ....#
#......##. ##### ####+#....#
.... ...


You could see a komodo dragon.


Message History

😕 MP[-3]
You lost 3 mp, and now have 7/16 mp.
Casting: Stone Arrow (safe; 1% risk of failure)
Confirm with . or Enter, or press ? or * to list all spells.
Aiming: Stone Arrow (safe; 1% risk of failure)
Press: ? - help, Shift-Dir - straight line, f/p - water moccasin
Aim: a water moccasin (severely wounded, 57% to hit)
The stone arrow hits the water moccasin!
You kill the water moccasin! 😕 HP[+1] MP[-3]
You lost 3 mp, and now have 4/16 mp.
A komodo dragon is nearby!
Unknown command. 😎 HP[+2] MP[+4]
Your hp is fully restored (45).
You regained 4 mp, and now have 8/16 mp.
A komodo dragon is nearby!
A komodo dragon is nearby!
Casting: Stone Arrow (safe; 1% risk of failure)
Confirm with . or Enter, or press ? or * to list all spells.
Aiming: Stone Arrow (safe; 1% risk of failure)
Press: ? - help, Shift-Dir - straight line, f - komodo dragon
Aim: a komodo dragon (wandering, hasn't noticed you, 81% to hit)
The stone arrow misses the komodo dragon.
The komodo dragon hisses angrily. 😎 MP[-3]
You lost 3 mp, and now have 5/16 mp.
Casting: Stone Arrow (safe; 1% risk of failure)
Confirm with . or Enter, or press ? or * to list all spells.
Aiming: Sandblast (safe; 1% risk of failure)
Press: ? - help, Shift-Dir - straight line, f/p - komodo dragon
Aim: a komodo dragon (89% to hit)
The blast of sand hits the komodo dragon.
The komodo dragon bites you! 😕 HP[-11] MP[-1]
You take 11 damage, and now have 34/45 hp.
MASSIVE DAMAGE!! (PAUSE)
You lost 1 mp, and now have 4/16 mp.
Casting: Sandblast (safe; 1% risk of failure)
Confirm with . or Enter, or press ? or * to list all spells.
Aiming: Sandblast (safe; 1% risk of failure)
Press: ? - help, Shift-Dir - straight line, f/p - komodo dragon
Aim: a komodo dragon (lightly wounded, 89% to hit)
The blast of sand hits the komodo dragon!
The komodo dragon bites you but does no damage. 😕 MP[-1]
You lost 1 mp, and now have 3/16 mp.
Unknown command.
Casting: Sandblast (safe; 1% risk of failure)
Confirm with . or Enter, or press ? or * to list all spells.
Aiming: Sandblast (safe; 1% risk of failure)
Press: ? - help, Shift-Dir - straight line, f/p - komodo dragon
Aim: a komodo dragon (moderately wounded, 89% to hit)
The blast of sand hits the komodo dragon!
The komodo dragon bites you but does no damage.
The komodo dragon barely misses you. 😕 HP[+1] Unknown command.
Casting: Sandblast (safe; 1% risk of failure)
Confirm with . or Enter, or press ? or * to list all spells.
Aiming: Sandblast (safe; 1% risk of failure)
Press: ? - help, Shift-Dir - straight line, f/p - komodo dragon
Aim: a komodo dragon (heavily wounded, 89% to hit)
The blast of sand hits the komodo dragon but does no damage.
The komodo dragon barely misses you. 😕 MP[-1]
You lost 1 mp, and now have 2/16 mp.
Unknown command.
Casting: Sandblast (safe; 1% risk of failure)
Confirm with . or Enter, or press ? or * to list all spells.
Aiming: Sandblast (safe; 1% risk of failure)
Press: ? - help, Shift-Dir - straight line, f/p - komodo dragon
Aim: a komodo dragon (heavily wounded, 89% to hit)
The blast of sand hits the komodo dragon but does no damage.
The komodo dragon closely misses you.
The komodo dragon barely misses you. 😕 HP[+1] MP[-1]
You lost 1 mp, and now have 1/16 mp.
Unknown command.
Casting: Sandblast (safe; 1% risk of failure)
Confirm with . or Enter, or press ? or * to list all spells.
Aiming: Sandblast (safe; 1% risk of failure)
Press: ? - help, Shift-Dir - straight line, f/p - komodo dragon
Aim: a komodo dragon (heavily wounded, 89% to hit)
The blast of sand hits the komodo dragon!
The komodo dragon bites you but does no damage. 😕 MP[-1]
You lost 1 mp, and now have 0/16 mp.
Unknown command.
Casting: Sandblast (safe; 1% risk of failure)
Confirm with . or Enter, or press ? or * to list all spells.
You don't have enough magic to cast this spell.
Casting: Sandblast (safe; 1% risk of failure)
Confirm with . or Enter, or press ? or * to list all spells.
You don't have enough magic to cast this spell.
You hit the komodo dragon but do no damage.
The komodo dragon bites you!!
Ouch! That really hurt!
* * * LOW HITPOINT WARNING * * *
The komodo dragon bites you!!
You die...

Skill      XL: |  1  2  3  4  5  6  7  8 |
---------------+-------------------------+-----
Earth Magic    | 4 5 6 7 9 |  9.6
Conjurations   | 1 2 3 4 5 7 |  7.7
Spellcasting   | 3 4 5 |  5.1
Dodging        | |  1.5
Stealth        | |  2.1
Transmutations | |  0.7

Action                     |  1- 3 |  4- 6 |  7- 9 || total
---------------------------+-------+-------+-------++-------
  Melee: Unarmed           |     4 |       |       ||     4
         Punch             |     1 |       |       ||     1
         Club              |       |     6 |     1 ||     7
   Cast: Sandblast         |    44 |   121 |    96 ||   261
         Stone Arrow       |       |       |    18 ||    18
    Use: Scroll            |     5 |     4 |     6 ||    15
         Potion            |       |     3 |       ||     3
 Armour: Robe              |     9 |    26 |    22 ||    57
  Dodge: Dodged            |    10 |    40 |    25 ||    75

Levels and vault maps discovered:
D:1:      tarquinn_simple_flora_water_f, layout_basic, serial_curves,
          eino_curves_02, eino_curves_01, eino_curves_03
D:2:      layout_basic, chequers_ecumenical_altar_simple_redux, serial_curves,
          eino_curves_02, eino_curves_01, uniq_natasha
D:3:      layout_loops_corners, lightli_temple_of_fire
D:4:      layout_loops_ring, enter_ossuary_5, uniq_blork_the_orc, uniq_menkaure,
          uniq_duvessa, uniq_crazy_yiuf_cottage
D:5:      layout_basic
D:6:      nicolae_cairo_tiling_very_big, layout_gridville, serial_shops,
          nicolae_square_shop, minmay_manual_mail

Notes
Turn   | Place    | Note
-------+----------+-------------------------------------------
     0 | D:1      | kae the Gargoyle Earth Elementalist began the quest for the
                  | Orb.
     0 | D:1      | Reached XP level 1. HP: 10/10 MP: 3/3
     0 | D:1      | magus.rc [v1.11.3]
    64 | D:1      | Reached skill level 4 in Earth Magic
    80 | D:1      | Reached XP level 2. HP: 11/15 MP: 0/5
   157 | D:1      | You pick up a book of Necromancy and begin reading...
   157 | D:1      | You add the spells Necrotise, Vampiric Draining and Agony
                  | to your library.
   405 | D:1      | Reached XP level 3. HP: 19/19 MP: 3/6
   419 | D:1      | Learned a level 2 spell: Passwall
   423 | D:1      | Learned a level 3 spell: Stone Arrow
   917 | D:2      | Reached skill level 1 in Conjurations
  1059 | D:2      | You pick up a book of Frost and begin reading...
  1059 | D:2      | You add the spells Freeze, Frozen Ramparts and Hailstorm to
                  | your library.
  1071 | D:2      | Reached XP level 4. HP: 24/24 MP: 4/7
  1103 | D:2      | Found a faded altar of an unknown god.
  1212 | D:2      | Noticed Natasha
  1215 | D:2      | Killed Natasha
  1216 | D:2      | Reached skill level 5 in Earth Magic
  1393 | D:2      | Reached skill level 2 in Conjurations
  1586 | D:2      | Noticed Natasha
  1593 | D:2      | HP: 6/24 [Natasha (1)]
  1594 | D:2      | Killed Natasha
  1595 | D:2      | Reached XP level 5. HP: 8/28 MP: 3/9
  1714 | D:2      | Found a faded altar of an unknown god.
  1909 | D:2      | Noticed Natasha
  1914 | D:2      | Gained mutation: You possess an exceptional clarity of
                  | mind. [potion of mutation]
  1914 | D:2      | Gained mutation: You are weak. (Str -2) [potion of
                  | mutation]
  1914 | D:2      | Lost mutation: You are weak. (Str -2) [potion of mutation]
  1916 | D:2      | Killed Natasha
  2092 | D:3      | Reached skill level 3 in Spellcasting
  2264 | D:3      | Reached skill level 3 in Conjurations
  2452 | D:3      | Reached XP level 6. HP: 32/32 MP: 3/10
  2591 | D:3      | Reached skill level 6 in Earth Magic
  3149 | D:3      | Found a burning altar of Makhleb.
  3217 | D:3      | Learned a level 4 spell: Petrify
  3380 | D:4      | Found a sand-covered staircase.
  3391 | Ossuary  | Entered an ossuary
  3492 | Ossuary  | Reached skill level 4 in Conjurations
  3772 | Ossuary  | Reached XP level 7. HP: 36/36 MP: 8/12
  4016 | Ossuary  | Reached skill level 7 in Earth Magic
  4216 | D:4      | Noticed Menkaure
  4223 | D:4      | Killed Menkaure
  4224 | D:4      | Reached skill level 5 in Conjurations
  4395 | D:4      | Noticed Dowan
  4500 | D:4      | Noticed Blork the orc
  4510 | D:4      | Killed Blork the orc
  4511 | D:4      | Reached skill level 4 in Spellcasting
  4709 | D:4      | Noticed Duvessa
  4790 | D:4      | You pick up a book of Necromancy and begin reading...
  4829 | D:4      | Found a runed translucent door.
  4830 | D:4      | Noticed Crazy Yiuf
  4939 | D:4      | Killed Duvessa
  4940 | D:4      | Reached XP level 8. HP: 41/41 MP: 7/14
  4953 | D:4      | HP: 5/41 [Dowan/shard of ice (24)]
  4954 | D:4      | Killed Dowan
  5393 | D:5      | Entered Level 5 of the Dungeon
  5602 | D:5      | Reached skill level 8 in Earth Magic
  5693 | D:5      | Reached skill level 6 in Conjurations
  5933 | D:5      | You add the spells Blink, Manifold Assault and Storm Form
                  | to your library.
  6460 | D:6      | Found Diut's Distillery.
  6468 | D:6      | Bought a potion of degeneration for 14 gold pieces
  6468 | D:6      | Bought a potion of brilliance for 56 gold pieces
  6822 | D:6      | Reached skill level 7 in Conjurations
  6822 | D:6      | Reached skill level 9 in Earth Magic
  6914 | D:6      | Noticed a komodo dragon
  6981 | D:6      | Reached skill level 5 in Spellcasting
  6981 | D:6      | Reached XP level 9. HP: 39/45 MP: 8/16
  7026 | D:6      | Slain by a komodo dragon

Vanquished Creatures
  Menkaure (D:4)
  An acid dragon (D:6)
  Duvessa (D:4)
  2 water moccasins
  An ice beast (D:5)
  2 ogres (D:6)
  A kobold brigand (D:6)
  Blork the orc (D:4)
  2 scorpions (D:5)
  A bullfrog (D:6)
  Dowan (D:4)
  A centaur zombie (Ossuary)
  3 human zombies (Ossuary)
  A jelly (D:5)
  An orc priest (D:3)
  An iguana (D:5)
  Natasha (thrice) (D:2)
  3 orc wizards (D:3)
  4 hound zombies (Ossuary)
  3 mummies (Ossuary)
  4 gnolls (D:3)
  6 adders
  A shadow imp (D:6)
  3 white imps (D:6)
  5 adder zombies (Ossuary)
  6 dart slugs
  11 orcs
  6 ball pythons
  2 bats (D:1)
  7 endoplasms
  3 giant cockroaches
  2 gnoll zombies (Ossuary)
  10 goblins
  3 hobgoblins
  3 quokkas
  3 frilled lizards
  A goblin zombie (Ossuary)
  3 hobgoblin zombies (Ossuary)
  2 jackal zombies (Ossuary)
  13 kobolds
  2 kobold zombies (Ossuary)
  3 orc zombies (Ossuary)
  3 quokka zombies (Ossuary)
  2 rats (D:2)
  3 rat zombies (Ossuary)
141 creatures vanquished.

Table legend:
 A = Non-vault XP
 B = Vault XP
 C = Vault XP percentage of total XP
 D = Non-vault monster count
 E = Vault monster count
 F = Vault count percentage of total count
                 A         B        C        D         E       F
            +---------+---------+-------+---------+---------+-------
      Total |    1323 |    1321 |  50.0 |      96 |      45 |  31.9
            +---------+---------+-------+---------+---------+-------
        D:1 |      47 |       0 |   0.0 |      23 |       0 |   0.0
        D:2 |     128 |      35 |  21.5 |      21 |       1 |   4.5
        D:3 |     227 |       0 |   0.0 |      24 |       0 |   0.0
        D:4 |      33 |     484 |  93.6 |      10 |       4 |  28.6
        D:5 |     544 |       0 |   0.0 |      10 |       0 |   0.0
        D:6 |     344 |     441 |  56.2 |       8 |       5 |  38.5
    Ossuary |       0 |     361 | 100.0 |       0 |      35 | 100.0
            +---------+---------+-------+---------+---------+-------

Illustrated notes

Table legend:
 A = Kills in this place as a percentage of kills in entire the game.
 B = Kills by you in this place as a percentage of kills by you in the entire game.
 C = Kills by friends in this place as a percentage of kills by friends in the entire game.
 D = Other kills in this place as a percentage of other kills in the entire game.
 E = Experience gained in this place as a percentage of experience gained in the entire game.
 F = Experience gained in this place divided by the number of levels of this place that you have seen.
                   A       B       C       D       E      F
               +-------+-------+-------+-------+-------+----------------------
         Total | 100.0 | 100.0 |   N/A |   N/A | 100.0 | 377.7
       Dungeon |  75.2 |  75.2 |   N/A |   N/A |  86.3 | 380.5
       Ossuary |  24.8 |  24.8 |   N/A |   N/A |  13.7 | 361.0
               +-------+-------+-------+-------+-------+----------------------

Table legend: (Time is in decaauts)
 A = Elapsed time spent in this place.
 B = Non-inter-level travel time spent in this place.
 C = Inter-level travel time spent in this place.
 D = Time resting spent in this place.
 E = Time spent auto-exploring this place.
 F = Levels seen in this place.
 G = Mean time per level.
                   A        B        C        D        E       F      G
               +--------+--------+--------+--------+--------+-----+--------+
         Total |   7164 |   6912 |    252 |    137 |   5891 |   7 | 1023.4 |
       Dungeon |   6392 |   6140 |    252 |    137 |   5294 |   6 | 1065.3 |
       Ossuary |    772 |    772 |      0 |      0 |    597 |   1 |  772.0 |
               +--------+--------+--------+--------+--------+-----+--------+

Top non-repeatable levels by time:
     D:4: 1339 daAuts
     D:3: 1284 daAuts
     D:2: 1284 daAuts
     D:5: 883 daAuts
     D:1: 835 daAuts
 Ossuary: 772 daAuts
     D:6: 765 daAuts
